 Dungeon Sprint DCSS version 0.20-a0-46-g4a4b873 (webtiles) character file.

7470 packetloss the Severer (level 11, -2/112 HPs)
             Began as a Hill Orc Berserker on Nov 14, 2016.
             Was the Champion of Trog.
             Succumbed to a swamp dragon's poison gas
             ... in the Dungeon (Sprint VII: "The Pits").
             The game lasted 00:11:26 (2860 turns).

packetloss the Severer (Hill Orc Berserker)         Turns: 2860, Time: 00:11:27

Health: -2/112     AC: 20    Str: 23    XL:     11   Next: 15%
Magic:  3/3        EV: 12    Int:  7    God:    Trog [******]
Gold:   0          SH:  0    Dex: 11    Spells: 0 memorised, 10 levels left

rFire  . . .     SeeInvis .     a - +3 battleaxe (antimagic)
rCold  . . .     Gourm    .     z - +3 plate armour
rNeg   . . .     Faith    .     (shield currently unavailable)
rPois  .         Spirit   .     t - +0 helmet
rElec  .         Reflect  .     (no cloak)
rCorr  .         Harm     .     (no gloves)
MR     ++...     NoTele   +     (no boots)
Stlth  ..........               (no amulet)
                                (no ring)
                                (no ring)

@: lethally poisoned (-2 -> -51), exhausted, regenerating, slowed, very slow
A: no striking features
a: Berserk, Trog's Hand, Brothers in Arms, Burn Spellbooks, Renounce Religion


You were in the Dungeon.
You worshipped Trog.
Trog was exalted by your worship.
You were near starving.

You visited 1 branch

Inventory:

Hand Weapons
 a - a +3 antimagic battleaxe (weapon)
   (Trog gifted it to you in the Dungeon)
 j - a +2 antimagic executioner's axe
   (Trog gifted it to you in the Dungeon)
 y - a +2 war axe of chopping
   (You found it in the Dungeon)
Missiles
 o - 10 stones (quivered)
 q - 3 poisoned javelins
 s - 4 javelins of penetration
Armour
 p - +0 mottled dragon scales
   (You found it in the Dungeon)
 t - a +0 helmet (worn)
   (You found it in the Dungeon)
 u - +0 steam dragon scales
   (You found it in the Dungeon)
 z - a +3 plate armour (worn)
   (You found it in the Dungeon)
 A - a +4 chain mail
   (You found it in the Dungeon)
Jewellery
 v - a +3 ring of dexterity
   (You found it in the Dungeon)
 w - a +3 ring of strength
   (You found it in the Dungeon)
Scrolls
 i - a scroll of blinking {!r}
 k - 2 scrolls of remove curse
 l - a scroll of summoning
Potions
 b - 2 potions of agility
 d - 5 potions of curing
 e - 12 potions of heal wounds
 f - 2 potions of haste
 g - 4 potions of magic
 h - 3 potions of berserk rage {!q}
 r - 2 potions of invisibility
 x - a potion of resistance
Comestibles
 c - 8 bread rations {@e1}
 m - 38 fruits
 n - 4 meat rations {@e2}


   Skills:
 + Level 15.2 Fighting
 + Level 18.0 Axes
 + Level 13.9 Armour
 + Level 11.0 Dodging


You had 10 spell levels left.
You didn't know any spells.

Dungeon Overview and Level Annotations

Branches:
Dungeon (1/1)

Altars:
Ashenzari
Cheibriados
Dithmenos
Elyvilon
Fedhas
Gozag
Hepliaklqana
Kikubaaqudgha
Makhleb
Nemelex Xobeh
Okawaru
Qazlal
Ru
Sif Muna
Trog
Uskayaw
Vehumet
Xom
Yredelemnul
Zin
The Shining One
Beogh
Jiyva
Lugonu


Message History

You slash the blink frog!
You kill the blink frog!
Trog accepts your kill.
Your Fighting skill increases to level 15!
You feel very sick.
You take 3 damage, and have 39/112 hp.
Unknown command.
You completely miss the swamp dragon.
You feel very sick.
The swamp dragon breathes poison at you.
The blast of poison engulfs you!
You are more poisoned.
You take 3 damage, and have 36/112 hp.
You hit the swamp dragon.
You are engulfed in poison gas.
You are more poisoned.
* * * LOW HITPOINT WARNING * * *
x2 You feel very sick.
The swamp dragon closely misses you.
The swamp dragon claws you but does no damage.
The swamp dragon tramples you.
* * * LOW HITPOINT WARNING * * *
You hold your ground!
You take 13 damage, and have 23/112 hp.
Your skin crawls.
You feel resistant to hostile enchantments.
You are starving!
You are engulfed in poison gas.
You are more poisoned.
* * * LOW HITPOINT WARNING * * *
x2 You feel very sick.
The swamp dragon barely misses you.
The swamp dragon claws you but does no damage.
The swamp dragon tramples you but does no damage.
You take 6 damage, and have 17/112 hp.
You're too hungry.
Unknown command.
Eat a chunk of flesh {@w0}? (ye/n/q)
You start eating one of the 39 fruits.
You are engulfed in poison gas.
You are more poisoned.
* * * LOW HITPOINT WARNING * * *
x2 You feel very sick.
The swamp dragon closely misses you. The swamp dragon barely misses you. x2
You are feeling very hungry.
That plum was delicious!
You take 6 damage, and have 11/112 hp.
Unknown command.
You feel much better.
You are engulfed in poison gas.
You are more poisoned.
* * * LOW HITPOINT WARNING * * *
x2 You feel extremely sick.
The swamp dragon bites you.
* * * LOW HITPOINT WARNING * * *
The swamp dragon claws you but does no damage.
The swamp dragon closely misses you.
Unknown command.
You regained 9 hp, and now have 20/112 hp.
A red film seems to cover your vision as you go berserk!
You feel yourself moving faster!
You feel mighty!
You are starving!
You are engulfed in poison gas.
You are more poisoned.
* * * LOW HITPOINT WARNING * * *
x2 You feel extremely sick.
The swamp dragon bites you but does no damage.
The swamp dragon claws you but does no damage.
The swamp dragon tramples you but does no damage.
You now have 21/168 hp.
You slice the swamp dragon!!
* * * LOW HITPOINT WARNING * * *
You feel very sick.
You take 4 damage, and have 17/168 hp.
You slice the swamp dragon!!
You kill the swamp dragon!
Trog accepts your kill.
Your Axes skill increases to level 18!
Your Dodging skill increases to level 11!
* * * LOW HITPOINT WARNING * * *
You feel very sick.
You take 3 damage, and have 14/168 hp.
Eat a chunk of flesh {@w0}? (ye/n/q)
You start eating the chunk of flesh {@w0}.
* * * LOW HITPOINT WARNING * * *
You feel very sick.
You are near starving!
You take 4 damage, and have 10/168 hp.
Unknown command.
Okay, then.
Unknown command.
You feel a strong urge to attack something.
* * * LOW HITPOINT WARNING * * *
You feel very sick.
You see here 4 javelins of penetration.
You take 4 damage, and have 6/168 hp.
s - 4 javelins of penetration
* * * LOW HITPOINT WARNING * * *
You feel very sick.
You take 3 damage, and have 3/168 hp.
You feel your anger subside.
You are no longer berserk.
You are exhausted.
You feel yourself slow down.
You die...

##''###############
##.)........#......
##..........'÷.....
##..#####...#####+#
##..'†..#..........
##..#...#........##
##..#...#.#####..#
##..#####@'...#..#
##......).#...+..##
##........#...#....
###†###...#...#....
##.)..'...#+###.).#
##....#...........#
##....#...........'
###################


There were no monsters in sight!

Vanquished Creatures
  A hydra (D)
  A swamp dragon (shapeshifter) (D)
  A flayed ghost (D)
  A hill giant (D)
  A phantasmal warrior (D)
  A deep elf mage (D)
  A manticore (D)
  A merfolk siren (D)
  An orange demon (D)
  A molten gargoyle (D)
  A rime drake (D)
  A red devil (D)
  A polar bear (D)
  5 blink frogs (D)
  A ynoxinul (D)
  A vampire (D)
  A wyvern (D)
  A steam dragon (D)
  A hungry ghost (D)
  A mottled dragon (D)
  A swamp drake (D)
  An ice beast (D)
  A wolf (D)
  A scorpion (D)
  9 wights (D)
  A gnoll shaman (D)
  A hound (D)
  A jelly (D)
  Jessica (D)
  A worker ant (D)
  2 gnolls (D)
  2 adders (D)
  A river rat (D)
  2 ufetubi (D)
  A worm (D)
  3 ball pythons (D)
  A bat (D)
  2 hobgoblins (D)
  A kobold (D)
  A frilled lizard (D)
  2 rats (D)
60 creatures vanquished.

Notes
Turn   | Place    | Note
-------+----------+-------------------------------------------
     0 | D        | packetloss the Hill Orc Berserker began the quest for the Orb.
     0 | D        | Reached XP level 1. HP: 19/19 MP: 1/1
    17 | D        | Found a radiant altar of Vehumet.
    17 | D        | Found a hide-covered altar of Uskayaw.
    17 | D        | Found an ancient bone altar of Kikubaaqudgha.
    17 | D        | Found a viscous altar of Jiyva.
    17 | D        | Found a hazy altar of Hepliaklqana.
    18 | D        | Found a bloodstained altar of Trog.
    18 | D        | Found a deep blue altar of Sif Muna.
    18 | D        | Found a sacrificial altar of Ru.
    18 | D        | Found a stormy altar of Qazlal.
    18 | D        | Found an iron altar of Okawaru.
    18 | D        | Found a sparkling altar of Nemelex Xobeh.
    18 | D        | Found an opulent altar of Gozag.
    18 | D        | Found a blossoming altar of Fedhas.
    18 | D        | Found a white marble altar of Elyvilon.
    18 | D        | Found a shadowy altar of Dithmenos.
    18 | D        | Found a snail-covered altar of Cheibriados.
    19 | D        | Found a burning altar of Makhleb.
    19 | D        | Found a glowing golden altar of the Shining One.
    19 | D        | Found a glowing silver altar of Zin.
    19 | D        | Found a basalt altar of Yredelemnul.
    19 | D        | Found a roughly hewn altar of Beogh.
    20 | D        | Found a corrupted altar of Lugonu.
    20 | D        | Found a shimmering altar of Xom.
    20 | D        | Found a shattered altar of Ashenzari.
   123 | D        | Reached skill level 5 in Axes
   128 | D        | HP: 4/19 [adder (4)]
   131 | D        | Reached ** piety under Trog
   131 | D        | Reached skill level 7 in Axes
   131 | D        | Reached XP level 2. HP: 5/26 MP: 2/2
   397 | D        | Reached skill level 9 in Axes
   397 | D        | Reached XP level 3. HP: 31/31 MP: 3/3
   442 | D        | Reached *** piety under Trog
   520 | D        | Reached skill level 4 in Fighting
   520 | D        | Reached skill level 10 in Axes
   520 | D        | Reached skill level 3 in Armour
   520 | D        | Reached skill level 2 in Dodging
   520 | D        | Reached XP level 4. HP: 27/41 MP: 4/4
   521 | D        | Reached **** piety under Trog
   528 | D        | Reached skill level 5 in Fighting
   528 | D        | Reached skill level 4 in Armour
   528 | D        | Reached skill level 3 in Dodging
   528 | D        | Reached XP level 5. HP: 31/49 MP: 5/5
   711 | D        | Reached skill level 6 in Fighting
   711 | D        | Reached skill level 11 in Axes
   711 | D        | Reached skill level 5 in Armour
   728 | D        | Reached skill level 4 in Dodging
   728 | D        | Reached XP level 6. HP: 45/58 MP: 6/6
   730 | D        | Reached ***** piety under Trog
   878 | D        | Reached skill level 7 in Fighting
   878 | D        | Reached skill level 12 in Axes
   878 | D        | Reached skill level 6 in Armour
   882 | D        | Reached skill level 8 in Fighting
   882 | D        | Reached skill level 5 in Dodging
  1085 | D        | Reached skill level 7 in Armour
  1164 | D        | Noticed Jessica
  1168 | D        | Killed Jessica
  1172 | D        | Noticed a swamp drake
  1195 | D        | Killed a swamp drake
  1195 | D        | Reached XP level 7. HP: 38/69 MP: 7/7
  1371 | D        | Reached skill level 9 in Fighting
  1376 | D        | Reached ****** piety under Trog
  1415 | D        | Noticed a steam dragon
  1415 | D        | Noticed a wyvern
  1423 | D        | Reached skill level 13 in Axes
  1423 | D        | Reached skill level 8 in Armour
  1423 | D        | Reached skill level 6 in Dodging
  1427 | D        | Received a gift from Trog
  1641 | D        | Killed a steam dragon
  1641 | D        | Reached skill level 10 in Fighting
  1641 | D        | Reached XP level 8. HP: 49/79 MP: 8/8
  1646 | D        | Killed a wyvern
  1646 | D        | Reached skill level 9 in Armour
  1968 | D        | Noticed a ynoxinul
  1969 | D        | Noticed a deep elf mage
  1974 | D        | Killed a ynoxinul
  1974 | D        | Reached skill level 14 in Axes
  1974 | D        | Reached skill level 7 in Dodging
  1983 | D        | Noticed a redback
  1983 | D        | Killed a deep elf mage
  1983 | D        | Received a gift from Trog
  1983 | D        | Reached skill level 11 in Fighting
  1983 | D        | Reached skill level 10 in Armour
  2016 | D        | Noticed a merfolk siren
  2027 | D        | Reached XP level 9. HP: 88/89 MP: 4/9
  2030 | D        | Killed a merfolk siren
  2030 | D        | Reached skill level 15 in Axes
  2030 | D        | Reached skill level 8 in Dodging
  2033 | D        | Noticed a phantasmal warrior
  2052 | D        | Killed a phantasmal warrior
  2052 | D        | Reached skill level 12 in Fighting
  2052 | D        | Reached skill level 11 in Armour
  2279 | D        | Noticed a polar bear
  2282 | D        | Noticed a flayed ghost
  2290 | D        | Noticed a rime drake
  2290 | D        | Noticed a red devil
  2291 | D        | HP: 33/136 [polar bear (7)]
  2293 | D        | Killed a flayed ghost
  2293 | D        | Reached skill level 9 in Dodging
  2295 | D        | Killed a polar bear
  2295 | D        | Reached skill level 13 in Fighting
  2295 | D        | Reached skill level 16 in Axes
  2295 | D        | Reached XP level 10. HP: 70/101 MP: 10/10
  2300 | D        | Received a gift from Trog
  2300 | D        | Reached skill level 12 in Armour
  2301 | D        | Noticed a hill giant
  2307 | D        | Killed a hill giant
  2711 | D        | Noticed a molten gargoyle
  2711 | D        | Noticed a four-headed hydra
  2711 | D        | Noticed an orange demon
  2717 | D        | Killed a nine-headed hydra
  2717 | D        | Reached skill level 14 in Fighting
  2717 | D        | Reached skill level 17 in Axes
  2717 | D        | Reached skill level 10 in Dodging
  2720 | D        | Killed a molten gargoyle
  2720 | D        | Reached skill level 13 in Armour
  2726 | D        | Killed an orange demon
  2726 | D        | Received a gift from Trog
  2788 | D        | Noticed a manticore
  2791 | D        | Received a gift from Trog
  2795 | D        | Killed a manticore
  2811 | D        | Noticed an elephant
  2813 | D        | Noticed a swamp dragon
  2813 | D        | an elephant changed into a swamp dragon
  2822 | D        | Reached XP level 11. HP: 105/111 MP: 3/11
  2839 | D        | Received a gift from Trog
  2845 | D        | HP: 23/111 [swamp dragon (shapeshifter) (6)]
  2848 | D        | Reached skill level 15 in Fighting
  2850 | D        | HP: 28/112 [poisoned by a swamp dragon (poison gas)]
  2852 | D        | HP: 11/112 [poisoned by a swamp dragon (poison gas)]
  2856 | D        | Killed a swamp dragon
  2856 | D        | Reached skill level 18 in Axes
  2856 | D        | Reached skill level 11 in Dodging
  2857 | D        | HP: 10/168 [poisoned by a swamp dragon (poison gas)]
  2859 | D        | HP: 3/168 [poisoned by a swamp dragon (poison gas)]
  2860 | D        | Succumbed to a swamp dragon's poison gas

Vault maps used:
D:        pitsprint

Skill      XL: |  1  2  3  4  5  6  7  8  9 10 11 |
---------------+----------------------------------+-----
Axes           | 7 9 10 11 12 13 14 16 17 18 | 18.0
Fighting       | 4 5 6 8 10 11 13 14 15 | 15.2
Armour         | 3 4 5 7 8 10 11 13 | 13.9
Dodging        | 2 3 4 5 6 7 9 10 11 | 11.0

Action                   |  1- 3 |  4- 6 |  7- 9 | 10-12 || total
-------------------------+-------+-------+-------+-------++-------
Melee: Hand axe          |    30 |     7 |       |       ||    37
       War axe           |       |    45 |    89 |    34 ||   168
       Battleaxe         |       |       |       |    38 ||    38
Throw: Stone             |       |     6 |       |       ||     6
Invok: Berserk           |     3 |     2 |     2 |     2 ||     9
       Trog's Hand       |       |       |       |     1 ||     1
  Use: Scroll            |       |       |     1 |       ||     1
       Potion            |       |       |     1 |     2 ||     3
 Stab: Sleeping          |       |     1 |       |       ||     1
  Eat: Chunk             |       |     2 |     1 |     1 ||     4
       Meat ration       |       |     1 |     1 |     1 ||     3
       Fruit             |       |       |       |     2 ||     2
Armor: Animal skin       |     2 |     1 |     1 |       ||     4
       Plate armour      |       |       |    22 |    47 ||    69
Dodge: Dodged            |    22 |    34 |    46 |    55 ||   157

Vault maps used:
D:        pitsprint

Table legend:
 A = Turns spent in this place as a percentage of turns spent in the entire game.
 B = Non-inter-level travel turns spent in this place as a percentage of non-inter-level travel turns spent in the entire game.
 C = Inter-level travel turns spent in this place as a percentage of turns spent in this place.
 D = Turns resting spent in this place as a percentage of non-inter-level travel turns spent in this place.
 E = Turns spent auto-exploring this place as a percentage of non-inter-level travel turns spent in this place.
 F = Non-inter-level travel turns spent in this place divided by the number of levels of this place that you've seen.
                   A       B       C       D       E      F
               +-------+-------+-------+-------+-------+----------------------
         Total | 100.0 | 100.0 |   0.1 |   6.4 |   0.0 | 1073.0
       Dungeon | 100.0 | 100.0 |   0.1 |   6.4 |   0.0 | 1073.0
               +-------+-------+-------+-------+-------+----------------------

Table legend:
 A = Kills in this place as a percentage of kills in entire the game.
 B = Kills by you in this place as a percentage of kills by you in the entire game.
 C = Kills by friends in this place as a percentage of kills by friends in the entire game.
 D = Other kills in this place as a percentage of other kills in the entire game.
 E = Experience gained in this place as a percentage of experience gained in the entire game.
 F = Experience gained in this place divided by the number of levels of this place that you have seen.
                   A       B       C       D       E      F
               +-------+-------+-------+-------+-------+----------------------
         Total | 100.0 | 100.0 |  -nan |  -nan | 100.0 | 10672.0
       Dungeon | 100.0 | 100.0 |  -nan |  -nan | 100.0 | 10672.0
               +-------+-------+-------+-------+-------+----------------------
